 Dungeon Crawl Stone Soup version 0.29.1-12-g30fa7ad0bf (webtiles) character file.

Game seed: 2565138977441091179

18 Groucho the Sneak (level 2, -2/13 HPs)
             Began as a Spriggan Earth Elementalist on Dec 19, 2022.
             Engulfed by a cloud of flame (15 damage)
             ... on level 1 of the Dungeon.
             The game lasted 00:03:19 (1382 turns).

Groucho the Sneak (Spriggan Earth Elementalist)     Turns: 1382, Time: 00:03:20

Health: -2/13      AC:  2    Str:  4    XL:     2   Next: 48%
Magic:  7/7        EV: 17    Int: 16    God:
Gold:   58         SH:  0    Dex: 15    Spells: 6/7 levels left

rFire   . . .      SeeInvis +   c - +1 short sword (distort)
rCold   . . .      Faith    .   (no shield)
rNeg    . . .      Spirit   .   a - +0 robe
rPois   .          Reflect  .   (helmet restricted)
rElec   .          Harm     .   (no cloak)
rCorr   .          Rampage  .   (gloves unavailable)
Will    .....                   (boots unavailable)
Stlth   ++........              (no amulet)
HPRegen 0.04/turn               (no ring)
MPRegen 0.10/turn               (no ring)

@: very quick
A: very small, no large weapons, unfitting armour, see invisible, speed 3
a: no special abilities


You were on level 1 of the Dungeon.
You visited 1 branch of the dungeon, and saw 1 of its levels.

You collected 58 gold pieces.

Inventory:

Hand Weapons
 c - a +1 short sword of distortion (weapon)
Missiles
 f - 9 stones
 g - 6 poisoned darts
 m - 5 boomerangs
Armour
 a - a +0 robe (worn)
Jewellery
 k - a +4 ring of protection
Scrolls
 i - 3 scrolls of silence {unknown}
Potions
 b - a potion of magic
 d - a potion of haste {unknown}
 e - a potion of resistance {unknown}
 h - a potion of heal wounds {unknown}
 j - a potion of curing
 l - a potion of mutation {unknown}


   Skills:
 - Level 2.6 Dodging
 + Level 3.6 Stealth
 + Level 3.0 Spellcasting
 + Level 0.5 Conjurations
 - Level 1.3 Transmutations
 + Level 2.9 Earth Magic


You had 6 spell levels left.
You knew the following spells:

 Your Spells              Type           Power      Damage    Failure   Level
a - Sandblast             Erth           22%        2d7       5%          1

Your spell library contained the following spells:

 Spells                   Type           Power      Damage    Failure   Level
 Passwall                 Tmut/Erth      7%         N/A       12%         2
 Stone Arrow              Conj/Erth      16%        3d8       26%         3
 Sublimation of Blood     Necr           2%         N/A       28%         2
 Summon Guardian Golem    Hex/Summ       2%         N/A       50%         3
 Petrify                  Tmut/Erth      9%         N/A       61%         4
 Irradiate                Conj/Tmut      2%         3d12      98%         5
 Orb of Destruction       Conj           2%         9d5       100%        7
 Spellforged Servitor     Conj/Summ      1%         N/A       100%        7


Dungeon Overview and Level Annotations

Branches:
Dungeon (1/15)

Altars:


Innate Abilities, Weirdness & Mutations

You are very small and have problems with some larger weapons.
You are too small for most types of armour.
You have supernaturally acute eyesight. (SInv)
You cover ground extremely quickly. (Speed+++)


Message History

Unknown command.
You start resting.
HP restored.
You start resting.
Magic restored.
You start waiting.
Done waiting.
You start waiting.
Done waiting.
Found a spear.
You see here a +0 spear.
There is a stone staircase leading down here.
You open the door.
There is an open door here.
You open the door.
There is an open door here.
Found 5 boomerangs.
You see here a +2 tower shield.
A hobgoblin comes into view.
The hobgoblin shouts!
You barely miss the hobgoblin. The hobgoblin closely misses you.
You hit the hobgoblin but do no damage.
Space warps around the hobgoblin.
You kill the hobgoblin!
No target in view!
No target in view!
You open the door. As you open the door, it creaks loudly!
You see here 5 boomerangs.
m - 5 boomerangs
There is an open door here.
There is an open door here.
You see here a +0 mace.
Partly explored, can't reach some items and places.
Partly explored, can't reach some items and places.
Really walk into a travel-excluded area?
Okay, then.
Really walk into a travel-excluded area?
You are engulfed in blazing flames.
Ouch! That really hurt!
You die...

#############
#...........#
##)..#####..# #§○@# #..#
#§§§# #..# #°○°# #..#
#####...#####..####
##.§...$$$...§...#..#
##..§§§.$...§☼....#.######
#.....§.$....§§..........#
#.######...########.####.#
#..# #.§§# #.......#.#


There were no monsters in sight!

Vanquished Creatures
  An endoplasm (D:1)
  A giant cockroach (D:1)
  4 goblins (D:1)
  3 hobgoblins (D:1)
  A quokka (D:1)
  2 ball pythons (D:1)
  2 frilled lizards (D:1)
  2 rats (D:1)
16 creatures vanquished.

Notes
Turn   | Place    | Note
-------+----------+-------------------------------------------
     0 | D:1      | Groucho the Spriggan Earth Elementalist began the quest for
                  | the Orb.
     0 | D:1      | Reached XP level 1. HP: 9/9 MP: 5/5
   191 | D:1      | Reached XP level 2. HP: 13/13 MP: 1/6
  1382 | D:1      | Engulfed by a cloud of flame

Illustrated notes

Levels and vault maps discovered:
D:1:      lightli_arrival_lavapool, layout_basic, kennysheep_minor_cross,
          lemuel_flame_loot_1

Skill      XL: |  1  2 |
---------------+-------+-----
Spellcasting   | 3 |  3.0
Dodging        | |  2.6
Stealth        | |  3.6
Conjurations   | |  0.5
Transmutations | |  1.3
Earth Magic    | |  2.9

Action                   || total
-------------------------++-------
Melee: Short sword       ||    15
 Cast: Sandblast         ||    12
  Use: Potion            ||     1
 Stab: Sleeping          ||     1
Armor: Robe              ||     1
Dodge: Dodged            ||    10
